Workbook

Sheet information sheet
A1: number of animals held
A2: pigs | B2: 150
A3: sheep | B3: 350
A4: cows | B4: 215
A5: calves | B5: 30
A6: price of animal in pounds
B7: spring | C7: summer | D7: autumn | E7: winter
A8: pigs | B8: 100 | C8: 90 | D8: 80 | E8: 90
A9: sheep | B9: 55 | C9: 50 | D9: 50 | E9: 50
A10: cows | B10: 300 | C10: 320 | D10: 325 | E10: 335
A11: calves | B11: 150 | C11: 150 | D11: 175 | E11: 165
A12: selling costs
A13: auction fees | B13: 0.02 | C13: of total sales
A14: transport | B14: 0.05 | C14: per animal
A15: market fees | B15: 0.0005 | C15: of total sales
A16: average weekly cost of keeping an animal
A17: pigs | B17: 0.85
A18: sheep | B18: 0.45
A19: cows | B19: 2.75
A20: calves | B20: 1.5
C21: january | D21: febuary | E21: march | F21: april | G21: may | H21: june | I21: july | J21: august | K21: september | L21: october | M21: november | N21: december
A22: other costs innoculations
A23: pigs | D23: 0.7 | E23: 0.7 | F23: 0.7
A24: sheep | C24: 1.5 | D24: 1.5 | E24: 1.5 | F24: 1.5 | G24: 1.5 | H24: 1.5
A25: cows | C25: 1.5 | D25: 1.5 | E25: 1.5
A26: calves | D26: 1.25 | E26: 1.25
A28: vet fees | B28: 250 | C28: 1%increase per month
A30: income
A31: cows attracks a sibsidy of | B31: 5 | C31: per animal per month
A32: calves attract a sibsidy of | B32: 2 | C32: per animal per month
A33: sheep(not lambs)attract | B33: 0.5 | C33: per animal per month

Sheet spring
A1: spring | B1: income | C1: auction | D1: transport | E1: market fees | F1: total income
A2: pigs | B2: ='information sheet'!B2*'information sheet'!B8 -> 15000 | C2: =B2*'information sheet'!B13 -> 300 | D2: ='information sheet'!$B$2*'information sheet'!$B$14 -> 7.5 | E2: =$B$2*'information sheet'!$B$15 -> 7.5 | F2: =SUM(B2:E2) -> 15315
A3: sheep | B3: ='information sheet'!B3*'information sheet'!B9 -> 19250 | C3: =B3*'information sheet'!B13 -> 385 | D3: ='information sheet'!$B$3*'information sheet'!$B$14 -> 17.5 | E3: =$B$3*'information sheet'!$B$14 -> 962.5 | F3: =SUM(B3:E3) -> 20615
A4: cows | B4: ='information sheet'!B4*'information sheet'!B10 -> 64500 | C4: =B4*'information sheet'!B13 -> 1290 | D4: ='information sheet'!$B$4*'information sheet'!$B$14 -> 10.75 | E4: =$B$4*'information sheet'!$B$15 -> 32.25 | F4: =SUM(B4:E4) -> 65833
A5: calves | B5: ='information sheet'!B5*'information sheet'!B11 -> 4500 | C5: =B5*'information sheet'!B13 -> 90 | D5: ='information sheet'!$B$5*'information sheet'!$B$14 -> 1.5 | E5: =$B$5*'information sheet'!$B$15 -> 2.25 | F5: =SUM(B5:E5) -> 4593.75
A6: total | B6: =SUM(B2:B5) -> 103250 | C6: =SUM(C2:C5) -> 2065 | D6: =SUM(D2:D5) -> 37.25 | E6: =SUM(E2:E5) -> 1004.5 | F6: =SUM(B6:E6) -> 106356.75

Sheet summer
A1: summer | B1: income | C1: auction | D1: transport | E1: market fees | F1: total income
A2: pigs | B2: ='information sheet'!B2*'information sheet'!C8 -> 13500 | C2: =$B$2*'information sheet'!$B$13 -> 270 | D2: ='information sheet'!$B$2*'information sheet'!$B$14 -> 7.5 | E2: =$B$2*'information sheet'!$B$15 -> 6.75 | F2: =SUM(B2:E2) -> 13784.25
A3: sheep | B3: ='information sheet'!B3*'information sheet'!C9 -> 17500 | C3: =$B$3*'information sheet'!$B$13 -> 350 | D3: ='information sheet'!$B$3*'information sheet'!$B$14 -> 17.5 | E3: =$B$3*'information sheet'!$B$15 -> 8.75 | F3: =SUM(B3:E3) -> 17876.25
A4: cows | B4: ='information sheet'!B4*'information sheet'!C10 -> 68800 | C4: =$B$4*'information sheet'!$B$13 -> 1376 | D4: ='information sheet'!$B$4*'information sheet'!$B$14 -> 10.75 | E4: =$B$4*'information sheet'!$B$15 -> 34.4 | F4: =SUM(B4:E4) -> 70221.15
A5: calves | B5: ='information sheet'!B5*'information sheet'!C11 -> 4500 | C5: =$B$5*'information sheet'!$B$13 -> 90 | D5: ='information sheet'!$B$5*'information sheet'!$B$14 -> 1.5 | E5: =$B$5*'information sheet'!$B$15 -> 2.25 | F5: =SUM(B5:E5) -> 4593.75
A6: total | B6: =SUM(B2:B5) -> 104300 | C6: =SUM(C2:C5) -> 2086 | D6: =SUM(D2:D5) -> 37.25 | E6: =SUM(E2:E5) -> 52.15 | F6: =SUM(B6:E6) -> 106475.4

Sheet autumn
A1: autumn | B1: income | C1: auction | D1: transport | E1: market fees | F1: total income
A2: pigs | B2: ='information sheet'!$B$2*'information sheet'!$D$8 -> 12000 | C2: =$B$2*'information sheet'!$B$13 -> 240 | D2: ='information sheet'!$B$2*'information sheet'!$B$14 -> 7.5 | E2: =$B$2*'information sheet'!B15 -> 6 | F2: =SUM(B2:E2) -> 12253.5
A3: sheep | B3: ='information sheet'!B3*'information sheet'!D9 -> 17500 | C3: =$B$3*'information sheet'!$B$13 -> 350 | D3: ='information sheet'!$B$3*'information sheet'!$B$14 -> 17.5 | E3: =$B$3*'information sheet'!$B$15 -> 8.75 | F3: =SUM(B3:E3) -> 17876.25
A4: cows | B4: ='information sheet'!B4*'information sheet'!D10 -> 69875 | C4: =$B$4*'information sheet'!$B$13 -> 1397.5 | D4: ='information sheet'!$B$4*'information sheet'!$B$14 -> 10.75 | E4: =$B$4*'information sheet'!$B$15 -> 34.9375 | F4: =SUM(B4:E4) -> 71318.188
A5: calves | B5: ='information sheet'!B5*'information sheet'!D11 -> 5250 | C5: =$B$5*'information sheet'!$B$13 -> 105 | D5: ='information sheet'!$B$5*'information sheet'!$B$14 -> 1.5 | E5: =$B$5*'information sheet'!$B$15 -> 2.625 | F5: =SUM(B5:E5) -> 5359.125
A6: total | B6: =SUM(B2:B5) -> 104625 | C6: =SUM(C2:C5) -> 2092.5 | D6: =SUM(D2:D5) -> 37.25 | E6: =SUM(E2:E5) -> 52.3125 | F6: =SUM(B6:E6) -> 106807.06

Sheet winter
A1: winter | B1: income | C1: auction | D1: transport | E1: market fees | F1: total income
A2: pigs | B2: ='information sheet'!B2*'information sheet'!E8 -> 13500 | C2: =$B$2*'information sheet'!$B$13 -> 270 | D2: ='information sheet'!$B$2*'information sheet'!$B$14 -> 7.5 | E2: =$B$2*'information sheet'!$B$15 -> 6.75 | F2: =SUM(B2:E2) -> 13784.25
A3: sheep | B3: ='information sheet'!B3*'information sheet'!E9 -> 17500 | C3: =$B$3*'information sheet'!$B$13 -> 350 | D3: ='information sheet'!$B$3*'information sheet'!$B$14 -> 17.5 | E3: =$B$3*'information sheet'!$B$15 -> 8.75 | F3: =SUM(B3:E3) -> 17876.25
A4: cows | B4: ='information sheet'!B4*'information sheet'!E10 -> 72025 | C4: =$B$4*'information sheet'!$B$13 -> 1440.5 | D4: ='information sheet'!$B$4*'information sheet'!$B$14 -> 10.75 | E4: =$B$4*'information sheet'!$B$15 -> 36.0125 | F4: =SUM(B4:E4) -> 73512.262
A5: calves | B5: ='information sheet'!B5*'information sheet'!E11 -> 4950 | C5: =$B$5*'information sheet'!$B$13 -> 99 | D5: ='information sheet'!$B$5*'information sheet'!$B$14 -> 1.5 | E5: =$B$5*'information sheet'!$B$14 -> 247.5 | F5: =SUM(B5:E5) -> 5298
A6: total | B6: =SUM(B2:B5) -> 107975 | C6: =SUM(C2:C5) -> 2159.5 | D6: =SUM(D2:D5) -> 37.25 | E6: =SUM(E2:E5) -> 299.0125 | F6: =SUM(B6:E6) -> 110470.76

Sheet income and expenditure
B2: cost | C2: jan | D2: feb | E2: march | F2: april | G2: may | H2: june | I2: july | J2: august | K2: september | L2: october | M2: november | N2: december
A3: pigs | C3: =('information sheet'!B17*4)*'information sheet'!B2 -> 510 | D3: =('information sheet'!B17*4)*'information sheet'!B2 -> 510 | E3: =('information sheet'!B17*4)*'information sheet'!B2 -> 510 | F3: =('information sheet'!B17*4)*'information sheet'!B2 -> 510 | G3: =('information sheet'!B17*4)*'information sheet'!B2 -> 510 | H3: =('information sheet'!B17*4)*'information sheet'!B2 -> 510 | I3: =('information sheet'!B17*4)*'information sheet'!B2 -> 510 | J3: =('information sheet'!$B$17*4)*'information sheet'!B2 -> 510 | K3: =('information sheet'!B17*4)*'information sheet'!B2 -> 510 | L3: =('information sheet'!B17*4)*'information sheet'!B2 -> 510 | M3: =('information sheet'!B17*4)*'information sheet'!B2 -> 510 | N3: =('information sheet'!B17*4)*'information sheet'!B2 -> 510
A4: sheep | C4: =('information sheet'!B18*4)*'information sheet'!B3 -> 630 | D4: =('information sheet'!B18*4)*'information sheet'!B3 -> 630 | E4: =('information sheet'!B18*4)*'information sheet'!B3 -> 630 | F4: =('information sheet'!B18*4)*'information sheet'!B3 -> 630 | G4: =('information sheet'!B18*4)*'information sheet'!B3 -> 630 | H4: =('information sheet'!B18*4)*'information sheet'!B3 -> 630 | I4: =('information sheet'!B18*4)*'information sheet'!B3 -> 630 | J4: =('information sheet'!B18*4)*'information sheet'!B3 -> 630 | K4: =('information sheet'!B18*4)*'information sheet'!B3 -> 630 | L4: =('information sheet'!B18*4)*'information sheet'!B3 -> 630 | M4: =('information sheet'!B18*4)*'information sheet'!B3 -> 630 | N4: =('information sheet'!B18*4)*'information sheet'!B3 -> 630
A5: cows | C5: =('information sheet'!B19*4)*'information sheet'!B4 -> 2365 | D5: =('information sheet'!B19*4)*'information sheet'!B4 -> 2365 | E5: =('information sheet'!B19*4)*'information sheet'!B4 -> 2365 | F5: =('information sheet'!B19*4)*'information sheet'!B4 -> 2365 | G5: =('information sheet'!B19*4)*'information sheet'!B4 -> 2365 | H5: =('information sheet'!B19*4)*'information sheet'!B4 -> 2365 | I5: =('information sheet'!B19*4)*'information sheet'!B4 -> 2365 | J5: =('information sheet'!B19*4)*'information sheet'!B4 -> 2365 | K5: =('information sheet'!B19*4)*'information sheet'!B4 -> 2365 | L5: =('information sheet'!B19*4)*'information sheet'!B4 -> 2365 | M5: =('information sheet'!B19*4)*'information sheet'!B4 -> 2365 | N5: =('information sheet'!B19*4)*'information sheet'!B4 -> 2365
A6: calves | C6: =('information sheet'!B20*4)*'information sheet'!B5 -> 180 | D6: =('information sheet'!B20*4)*'information sheet'!B5 -> 180 | E6: =('information sheet'!B20*4)*'information sheet'!B5 -> 180 | F6: =('information sheet'!B20*4)*'information sheet'!B5 -> 180 | G6: =('information sheet'!B20*4)*'information sheet'!B5 -> 180 | H6: =('information sheet'!B20*4)*'information sheet'!B5 -> 180 | I6: =('information sheet'!B20*4)*'information sheet'!B5 -> 180 | J6: =('information sheet'!B20*4)*'information sheet'!B5 -> 180 | K6: =('information sheet'!B20*4)*'information sheet'!B5 -> 180 | L6: =('information sheet'!B20*4)*'information sheet'!B5 -> 180 | M6: =('information sheet'!B20*4)*'information sheet'!B5 -> 180 | N6: =('information sheet'!B20*4)*'information sheet'!B5 -> 180
A8: innoculations
A9: pigs | D9: ='information sheet'!B2*'information sheet'!D23 -> 105 | E9: ='information sheet'!B2*'information sheet'!E23 -> 105 | F9: ='information sheet'!B2*'information sheet'!F23 -> 105
A10: sheep | C10: ='information sheet'!B3*'information sheet'!C24 -> 525 | D10: ='information sheet'!B3*'information sheet'!D24 -> 525 | E10: ='information sheet'!B3*'information sheet'!E24 -> 525 | F10: ='information sheet'!B3*'information sheet'!F24 -> 525 | G10: ='information sheet'!B3*'information sheet'!F24 -> 525 | H10: ='information sheet'!B3*'information sheet'!G24 -> 525
A11: cows | C11: ='information sheet'!B4*'information sheet'!C25 -> 322.5 | D11: ='information sheet'!B4*'information sheet'!D25 -> 322.5 | E11: ='information sheet'!B4*'information sheet'!E25 -> 322.5
A12: calves | D12: ='information sheet'!B5*'information sheet'!D26 -> 37.5 | E12: ='information sheet'!B5*'information sheet'!E26 -> 37.5
A13: vet fees | C13: 250 | D13: =C13+(C13*1%) -> 252.5 | E13: =D13+(D13*1%) -> 255.025 | F13: =E13+(E13*1%) -> 257.57525 | G13: =F13+(F13*1%) -> 260.151 | H13: =G13+(G13*1%) -> 262.75251
A14: total costs | C14: =SUM(C3:C13) -> 4782.5 | D14: =SUM(D3:D13) -> 4927.5 | E14: =SUM(E3:E13) -> 4930.025 | F14: =SUM(F3:F13) -> 4572.5752 | G14: =SUM(G3:G13) -> 4470.151 | H14: =SUM(H3:H13) -> 4472.7525
A16: income
A17: susidy cows | C17: ='information sheet'!B4*'information sheet'!B31 -> 1075 | D17: ='information sheet'!B4*'information sheet'!B31 -> 1075 | E17: ='information sheet'!B4*'information sheet'!B31 -> 1075 | F17: ='information sheet'!B4*'information sheet'!B31 -> 1075 | G17: ='information sheet'!B4*'information sheet'!B31 -> 1075 | H17: ='information sheet'!B4*'information sheet'!B31 -> 1075 | I17: ='information sheet'!B4*'information sheet'!B31 -> 1075 | J17: ='information sheet'!B4*'information sheet'!B31 -> 1075 | K17: ='information sheet'!B4*'information sheet'!B31 -> 1075 | L17: ='information sheet'!B4*'information sheet'!B31 -> 1075 | M17: ='information sheet'!B4*'information sheet'!B31 -> 1075 | N17: ='information sheet'!B4*'information sheet'!B31 -> 1075
A18: susidy sheep | C18: ='information sheet'!B3*'information sheet'!B33 -> 175 | D18: ='information sheet'!B3*'information sheet'!B33 -> 175 | E18: ='information sheet'!B3*'information sheet'!B33 -> 175 | F18: ='information sheet'!B3*'information sheet'!B33 -> 175 | G18: ='information sheet'!B3*'information sheet'!B33 -> 175 | H18: ='information sheet'!B3*'information sheet'!B33 -> 175 | I18: ='information sheet'!B3*'information sheet'!B33 -> 175 | J18: ='information sheet'!B3*'information sheet'!B33 -> 175 | K18: ='information sheet'!B3*'information sheet'!B33 -> 175 | L18: ='information sheet'!B3*'information sheet'!B33 -> 175 | M18: ='information sheet'!B3*'information sheet'!B33 -> 175 | N18: ='information sheet'!B3*'information sheet'!B33 -> 175
A19: calves | D19: ='information sheet'!B5*'information sheet'!B32 -> 60 | E19: ='information sheet'!B5*'information sheet'!B32 -> 60 | F19: ='information sheet'!B5*'information sheet'!B32 -> 60 | G19: ='information sheet'!B5*'information sheet'!B32 -> 60 | H19: ='information sheet'!B5*'information sheet'!B32 -> 60 | I19: ='information sheet'!B5*'information sheet'!B32 -> 60 | J19: ='information sheet'!B5*'information sheet'!B32 -> 60 | K19: ='information sheet'!B5*'information sheet'!B32 -> 60 | L19: ='information sheet'!B5*'information sheet'!B32 -> 60 | M19: ='information sheet'!B5*'information sheet'!B32 -> 60 | N19: ='information sheet'!B5*'information sheet'!B32 -> 60
A20: toatl income | C20: =SUM(C17:C18) -> 1250 | D20: =SUM(D17:D19) -> 1310 | E20: =SUM(E17:E19) -> 1310 | F20: =SUM(F17:F19) -> 1310 | G20: =SUM(G17:G19) -> 1310 | H20: =SUM(H17:H19) -> 1310 | I20: =SUM(I17:I19) -> 1310 | J20: =SUM(J17:J19) -> 1310 | K20: =SUM(K17:K19) -> 1310 | ... N20: =SUM(N17:N19) -> 1310
A21: bal b/fwd
A22: bal c/fwd
